 Dungeon Crawl Stone Soup version 0.30.0-29-ga12c61a403 (webtiles) character file.

Game seed: 3559989160155611121

13307 cheesebisquit the Grappler (level 11, -18/109 HPs)
             Began as a Troll Fighter on June 3, 2023.
             Killed from afar by a deep elf pyromancer (38 damage)
             ... with a bolt of fire
             ... on level 12 of the Dungeon.
             The game lasted 00:39:22 (12115 turns).

cheesebisquit the Grappler (Troll Fighter)         Turns: 12115, Time: 00:39:23

Health: -18/109    AC:  6    Str: 26    XL:     11   Next: 73%
Magic:  10/10      EV:  9    Int:  8    God:
Gold:   374        SH: 11    Dex:  9    Spells: 10/10 levels left

rFire   . .          .
                       - Unarmed
rCold   . . .        b - +2 kite shield
rNeg    . . .        s - +2 robe {Will+}
rPois   .            (helmet restricted)
rElec   .            (no cloak)
rCorr   +            (gloves unavailable)
SInv    +            (boots unavailable)
Will    +....        (no amulet)
Stlth   +            n - ring of see invisible
HPRegen 1.18/turn    H - ring of resist corrosion
MPRegen 0.12/turn

%: no passive effects
@: about to teleport, hasted, studying Spellcasting, very quick
A: large, unfitting armour, claws 3, regeneration 1, shaggy fur 1, tough skin 1
a: no special abilities


You were on level 12 of the Dungeon.
You visited 2 branches of the dungeon, and saw 13 of its levels.
You also visited: Ossuary.

You collected 780 gold pieces.
You spent 406 gold pieces at shops.

Inventory:

Hand Weapons
 a - a +0 morningstar
 f - a +0 dagger of venom
 A - a +0 giant spiked club
Missiles
 j - 3 curare-tipped darts
 u - 9 poisoned darts
 w - a throwing net
 E - 5 datura-tipped darts
 I - 8 large rocks (quivered)
 M - 2 boomerangs
Armour
 b - a +2 kite shield (worn)
 q - a +0 troll leather armour
 s - a +2 robe of willpower (worn)
 y - a +1 robe of positive energy
Jewellery
 d - the ring of the Stallion {Ice rElec rCorr Dex-2}
   (You found it on level 9 of the Dungeon)

   [ring of ice]

   It enhances your ice magic.
   Dex:       It affects your dexterity (-2).
   rF:        It makes you vulnerable to fire.
   rC:        It protects you from cold.
   rElec:     It insulates you from electricity.
   rCorr:     It protects you from acid and corrosion.
 n - a ring of see invisible (left claw)
 H - a ring of resist corrosion (right claw)
Wands
 t - a wand of flame (6)
 x - a wand of iceblast (11)
 C - a wand of polymorph (7)
Scrolls
 e - a scroll of silence
 g - 2 scrolls of vulnerability
 h - 3 scrolls of poison
 i - a scroll of fog
 k - 3 scrolls of teleportation
 l - 3 scrolls of magic mapping
 o - a scroll of torment {unknown}
 r - 3 scrolls of immolation
 v - a scroll of brand weapon {unknown}
 J - a scroll of amnesia {unknown}
Potions
 c - 3 potions of curing
 m - 2 potions of flight
 p - a potion of resistance
 z - a potion of lignification
 B - 2 potions of cancellation
 D - a potion of brilliance {unknown}
 K - a potion of magic {unknown}
 L - a potion of mutation {unknown}
 N - 2 potions of ambrosia {unknown}


   Skills:
 + Level 7.4 Fighting
 + Level 6.8 Throwing
 + Level 4.4 Dodging
 - Level 7.0 Shields
 * Level 13.1 Unarmed Combat


You had 10 spell levels left.
You didn't know any spells.
Your spell library contained the following spells:

 Spells                   Type           Power      Damage    Failure   Level
 Magic Dart               Conj           0%         1d3       63%         1
 Necrotise                Necr           0%         1d4       63%         1
 Sandblast                Erth           0%         2d4       63%         1
 Call Imp                 Summ           0%         N/A       77%         2
 Ensorcelled Hibernation  Hex/Ice        0%         N/A       77%         2
 Passwall                 Tmut/Erth      0%         N/A       77%         2
 Poisonous Vapours        Pois/Air       0%         N/A       77%         2
 Gell's Gravitas          Tloc           0%         N/A       94%         3
 Ignite Poison            Fire/Tmut/Pois 0%         N/A       94%         3
 Mephitic Cloud           Conj/Pois/Air  0%         N/A       94%         3
 Portal Projectile        Hex/Tloc       0%         N/A       94%         3
 Stone Arrow              Conj/Erth      0%         3d7       94%         3
 Swiftness                Air            0%         N/A       94%         3
 Teleport Other           Tloc           0%         N/A       94%         3
 Tukima's Dance           Hex            0%         N/A       94%         3
 Vampiric Draining        Necr           0%         2d6       94%         3
 Sticky Flame             Conj/Fire      0%         2d3       100%        4
 Agony                    Necr           0%         N/A       100%        5
 Blade Hands              Tmut           0%         N/A       100%        5
 Freezing Cloud           Conj/Ice/Air   0%         6-21      100%        5
 Conjure Ball Lightning   Conj/Air       0%         3x3d6     100%        6
 Dispersal                Tloc           0%         N/A       100%        6
 Discord                  Hex            0%         N/A       100%        8
 Disjunction              Tloc           0%         N/A       100%        8
 Ignition                 Fire           0%         3d3       100%        8


Dungeon Overview and Level Annotations

Branches:
Dungeon (12/15)            Temple (1/1) D:4            Lair (0/5) D:10
Ossuary (visited)
    Orc: D:9-12

Altars:
Ashenzari
Cheibriados
Dithmenos
Elyvilon
Fedhas
Gozag
Hepliaklqana
Kikubaaqudgha
Makhleb
Nemelex Xobeh
Okawaru
Qazlal
Ru
Sif Muna
Trog
Uskayaw
Vehumet
Wu Jian
Xom
Yredelemnul
Zin
The Shining One

Shops:
D:2 (   D:10 ((!   D:11 *

Annotations:
D:4 2 transporters
D:7 2 transporters


Innate Abilities, Weirdness & Mutations

You are too large for most types of armour.
You have claws for hands.
Your natural rate of healing is unusually fast.
You are covered in fur. (AC +1)
You have tough skin. (AC +1)


Message History

You destroy the vampire mosquito!
The vampire mosquito barely misses you.
You miss the vampire mosquito.
The vampire mosquito bites you but does no damage.
You closely miss the vampire mosquito.
The vampire mosquito closely misses you.
The vampire mosquito bites you.
The vampire mosquito draws strength from your injuries!
You mangle the vampire mosquito!!
The vampire mosquito is almost destroyed.
The vampire mosquito bites you!
The vampire mosquito draws strength from your injuries!
You claw the vampire mosquito!
You destroy the vampire mosquito!
You closely miss the fire elemental. The fire elemental barely misses you.
The fire elemental closely misses you.
You closely miss the fire elemental. You block the fire elemental's attack.
You barely miss the fire elemental. The fire elemental hits you.
The fire elemental burns you!
You completely miss the fire elemental. The fire elemental hits you.
The fire elemental burns you!
You claw the fire elemental!
The fire elemental is heavily damaged.
The fire elemental hits you. The fire elemental burns you!
You feel yourself speed up. The fire elemental closely misses you.
The deep elf pyromancer points at you and mumbles some strange words.
The bolt of fire misses the fire elemental.
The bolt of fire hits you!!!
* * * LOW HITPOINT WARNING * * *
The fire elemental barely misses you.
You feel much better.
As you read the scroll of teleportation, it crumbles to dust.
You feel strangely unstable. The fire elemental hits you.
* * * LOW HITPOINT WARNING * * *
The fire elemental burns you!
* * * LOW HITPOINT WARNING * * *
The deep elf pyromancer gestures at you while chanting.
The bolt of fire hits the fire elemental.
The fire elemental completely resists.
The bolt of fire hits you!!!
You die...

####'## #...#.#..#.........
......# ###.###.##...........
......# #.'...#...#..........
......####.###.###.##.........
......#....#....÷..##.........
......'.#######'######[#######
......### #..# #..# #######
##.## ##.###### #@.# #......#
##E# ######.### #☼# #...#


Eye ######'## ....# #.......# .....# #.......# !.....# +.......# .......#
#.......# #..(....# #.......' You could see a deep elf pyromancer, a fire
elemental (summoned) and a vampire mosquito.

Vanquished Creatures
  2 two-headed ogres
  A deep elf pyromancer (D:12)
  An orc knight (D:10)
  2 cyclopes
  2 manticores
  Joseph (D:8)
  A gargoyle (D:11)
  A komodo dragon (D:12)
  Maggie (D:10)
  4 trolls
  A shadow (D:10)
  A wyvern (D:10)
  12 yaks
  A vampire (D:12)
  A steam dragon (D:8)
  4 vampire mosquitoes (D:12)
  2 water moccasins
  4 black bears
  An ice beast (D:7)
  4 orc warriors
  2 sky beasts
  3 ogres (D:7)
  2 centaurs
  A phantom (D:4)
  A bullfrog (D:7)
  A gnoll sergeant (D:10)
  3 scorpions
  21 wights
  6 killer bees
  A howler monkey (D:6)
  2 electric eels (D:7)
  A hound (D:7)
  6 orc priests
  6 iguanas
  4 jellies
  2 gnoll boudas
  A sleepcap (D:5)
  Natasha (thrice) (D:2)
  15 orc wizards
  A mummy (Ossuary)
  12 adders
  11 gnolls
  A shadow imp (D:7)
  3 white imps
  2 ufetubi
  3 worms
  37 orcs
  4 spectral bats (Ossuary)
  5 endoplasms
  5 giant cockroaches
  12 gnoll zombies (Ossuary)
  12 goblins
  14 hobgoblins
  6 jackals
  2 quokkas
  3 ball pythons (D:1)
  7 bats
  3 bat simulacra (Ossuary)
  A frilled lizard (D:1)
  A goblin simulacrum (Ossuary)
  6 goblin zombies
  4 hobgoblin zombies (Ossuary)
  2 kobolds
  4 kobold simulacra (Ossuary)
  2 kobold zombies (Ossuary)
  7 orc zombies (Ossuary)
  4 rats
  5 rat simulacra (Ossuary)
  A rat zombie (D:5)
  A spectral goblin (Ossuary)
  3 spectral kobolds (Ossuary)
  3 spectral rats (Ossuary)
315 creatures vanquished.

Vanquished Creatures (others)
  A gnoll (D:8)
1 creature vanquished.

Grand Total: 316 creatures vanquished

Notes
Turn   | Place    | Note
-------+----------+-------------------------------------------
     0 | D:1      | cheesebisquit the Troll Fighter began the quest for the
                  | Orb.
     0 | D:1      | Reached XP level 1. HP: 22/22 MP: 0/0
   163 | D:1      | Reached XP level 2. HP: 29/29 MP: 1/1
   184 | D:1      | Reached skill level 3 in Unarmed Combat
   659 | D:2      | Reached XP level 3. HP: 36/36 MP: 2/2
   732 | D:2      | Reached skill level 4 in Unarmed Combat
   808 | D:2      | Reached XP level 4. HP: 26/44 MP: 3/3
   828 | D:2      | Noticed Natasha
   834 | D:2      | Killed Natasha
   845 | D:2      | Found Uvo Olev's Weapon Boutique.
  1030 | D:2      | Reached skill level 5 in Unarmed Combat
  1115 | D:2      | Noticed Natasha
  1119 | D:2      | Killed Natasha
  1120 | D:2      | Reached XP level 5. HP: 50/50 MP: 4/4
  1122 | D:2      | Noticed Natasha
  1127 | D:2      | Killed Natasha
  1559 | D:3      | Reached skill level 6 in Unarmed Combat
  2070 | D:4      | Found a staircase to the Ecumenical Temple.
  2076 | Temple   | Entered the Ecumenical Temple
  2334 | D:4      | Reached XP level 6. HP: 59/59 MP: 5/5
  2418 | D:4      | Found a transporter.
  2424 | D:4      | Found a transporter.
  2436 | D:4      | Found a glowing silver altar of Zin.
  2670 | D:5      | Entered Level 5 of the Dungeon
  2781 | D:5      | Found a sand-covered staircase.
  2807 | Ossuary  | Entered an ossuary
  3080 | Ossuary  | Reached XP level 7. HP: 67/67 MP: 6/6
  3222 | D:5      | Reached skill level 7 in Unarmed Combat
  3593 | D:5      | Reached skill level 8 in Unarmed Combat
  3593 | D:5      | Reached XP level 8. HP: 70/78 MP: 7/7
  3826 | D:6      | Reached skill level 1 in Throwing
  3941 | D:6      | Found a white marble altar of Elyvilon.
  3996 | D:6      | Found a snail-covered altar of Cheibriados.
  4041 | D:6      | Found an iron altar of Okawaru.
  4043 | D:6      | Found a broken altar of Ashenzari.
  4122 | D:6      | Found an ornate altar of the Wu Jian Council.
  4249 | D:6      | Identified the +5 halberd of Wealth {flame, rElec Stlth+}
  4494 | D:7      | Reached skill level 5 in Shields
  4535 | D:7      | Reached skill level 9 in Unarmed Combat
  4563 | D:7      | Found a transporter.
  4601 | D:7      | Found a transporter.
  4739 | D:7      | Reached XP level 9. HP: 85/85 MP: 8/8
  5225 | D:7      | Reached skill level 5 in Fighting
  5463 | D:8      | Noticed Joseph
  5480 | D:8      | Killed Joseph
  5483 | D:8      | Reached skill level 10 in Unarmed Combat
  5593 | D:8      | Found a hazy altar of Hepliaklqana.
  5757 | D:8      | Found a stormy altar of Qazlal.
  6242 | D:9      | Found a flagged portal.
  6766 | D:8      | Found a hazy altar of Hepliaklqana.
  6897 | D:8      | Found a stormy altar of Qazlal.
  7453 | D:8      | Found a hazy altar of Hepliaklqana.
  7511 | D:8      | Found a stormy altar of Qazlal.
  7628 | D:9      | Reached XP level 10. HP: 81/94 MP: 9/9
  7750 | D:9      | Identified the ring of the Stallion {Ice rElec rCorr Dex-2}
  7948 | D:7      | Found a transporter.
  7965 | D:7      | Found a transporter.
  8860 | D:10     | Entered Level 10 of the Dungeon
  8860 | D:10     | Found Genaamm's Weapon Emporium.
  8860 | D:10     | Found Odadom's Weapon Emporium.
  8860 | D:10     | Found Feng's Distillery.
  8862 | D:10     | Bought a throwing net for 36 gold pieces
  9030 | D:10     | Reached skill level 11 in Unarmed Combat
  9030 | D:10     | Noticed a manticore
  9041 | D:10     | Killed a manticore
  9419 | D:10     | Found a shadowy altar of Dithmenos.
  9422 | D:10     | Noticed Maggie
  9438 | D:10     | Killed Maggie
  9439 | D:10     | Reached skill level 5 in Throwing
  9593 | D:10     | Found an ancient bone altar of Kikubaaqudgha.
  9595 | D:10     | Found a staircase to the Lair.
 10055 | D:10     | Found a runed translucent door.
 10137 | D:10     | Noticed an orc knight
 10167 | D:10     | Killed an orc knight
 10168 | D:10     | Reached skill level 12 in Unarmed Combat
 10168 | D:10     | Reached XP level 11. HP: 72/107 MP: 10/10
 10520 | D:11     | Found Gaffoup's Assorted Antiques.
 10524 | D:11     | Bought a scroll of teleportation for 111 gold pieces
 10524 | D:11     | Bought a scroll of teleportation for 111 gold pieces
 10524 | D:11     | Bought a scroll labelled ELIXUMI JIYH for 37 gold pieces
 10524 | D:11     | Bought a scroll of teleportation for 111 gold pieces
 11450 | D:11     | Noticed a two-headed ogre
 11461 | D:11     | Killed a two-headed ogre
 11676 | D:12     | Noticed a deep elf pyromancer
 11678 | D:12     | Found a blossoming altar of Fedhas.
 11682 | D:12     | Killed a deep elf pyromancer
 11891 | D:12     | Reached skill level 13 in Unarmed Combat
 12021 | D:12     | Noticed a two-headed ogre
 12031 | D:12     | Killed a two-headed ogre
 12094 | D:12     | Noticed a deep elf pyromancer
 12112 | D:12     | HP: 5/109 [deep elf pyromancer/bolt of fire (48)]
 12115 | D:12     | Killed from afar by a deep elf pyromancer

Illustrated notes

Levels and vault maps discovered:
D:1:      dpeg_arrival_tiny_k, layout_basic, minmay_close_crescents
D:2:      layout_rooms, serial_shops, nicolae_shop_tiny_statue_garden,
          uniq_natasha
D:3:      layout_basic, kennysheep_cross_bottleneck
D:4:      layout_gridville, gammafunk_temple_overflow_arena,
          minmay_temple_entry_enclosed_plants, saegor_snake_ambush
D:5:      wander_river, layout_rooms, enter_ossuary_4, minmay_manual_monolith
D:6:      layout_gridville, lemuel_crystal_altar,
          nicolae_overflow_crystal_walls, gammafunk_temple_overflow_statue,
          elyvilon_altar_4
D:7:      gammafunk_the_bubble [the_bubble_gammafunk_crates], layout_basic,
          serial_bayou, serial_bayou_lake_a, serial_bayou_pond_d,
          serial_bayou_shore_b, serial_bayou_lagoon_a
D:8:      layout_cave_pools, mainiacjoe_overflow_paths,
          nzn_hepliaklqana_mist_gate, uniq_joseph
D:9:      layout_irregular_city, enter_bailey_5
D:10:     layout_loops_ring, mainiacjoe_overflow_catwalk_spiral,
          david_lair_generic, nicolae_shop_distant_corner_stores,
          lightli_church_of_beogh, uniq_maggie
D:11:     layout_basic, serial_shops, nicolae_shop_back_alley_shop
D:12:     layout_roguey, orc_0_dummy, fedhas_altar_1
Temple:   nicolae_temple_no_exploring_needed

Skill      XL: |  1  2  3  4  5  6  7  8  9 10 11 |
---------------+----------------------------------+-----
Unarmed Combat | 3 4 5 6 8 9 10 12 13 | 13.1
Shields        | 3 4 5 6 7 |  7.0
Fighting       | 3 4 5 6 7 |  7.4
Throwing       | 2 4 5 6 |  6.8
Dodging        | 3 4 |  4.4

Action                     |  1- 3 |  4- 6 |  7- 9 | 10-12 || total
---------------------------+-------+-------+-------+-------++-------
  Melee: Unarmed           |    93 |   240 |   285 |   265 ||   883
  Throw: Dart              |       |       |    17 |    13 ||    30
         Boomerang         |       |       |    64 |    51 ||   115
         Throwing net      |       |       |     1 |     2 ||     3
         Large rock        |       |       |       |     2 ||     2
    Use: Scroll            |       |    10 |     7 |     6 ||    23
         Potion            |       |       |     9 |     5 ||    14
   Stab: Invisible         |       |       |       |     1 ||     1
 Armour: Robe              |    26 |    67 |    59 |    39 ||   191
  Dodge: Dodged            |    24 |    70 |    86 |    64 ||   244
  Block: Kite shield       |    35 |    59 |   107 |   111 ||   312
